 Seeded DCSS version 0.28-a0-726-g4a9143789a (webtiles) character file.

Game seed: 7516650237348835793 (custom seed)

7 flotson the Sneak (level 1, -4/18 HPs)
             Began as a Demonspawn Delver on Oct 27, 2021.
             Slain by a wyvern skeleton (6 damage)
             ... on level 5 of the Dungeon.
             The game lasted 00:00:16 (32 turns).

flotson the Sneak (Demonspawn Delver)                 Turns: 32, Time: 00:00:17

Health: -4/18      AC:  3    Str: 12    XL:     1   Next: 91%
Magic:  1/1        EV: 12    Int: 11    God:
Gold:   0          SH:  0    Dex: 14    Spells: 0/0 levels left

rFire   . . .      SeeInvis .   a - +0 short sword
rCold   . . .      Faith    .   (no shield)
rNeg    . . .      Spirit   .   b - +0 leather armour
rPois   .          Reflect  .   (no helmet)
rElec   .          Harm     .   (no cloak)
rCorr   .          Rampage  .   (no gloves)
Will    .....                   (no boots)
Stlth   ++........              (no amulet)
HPRegen 0.06/turn               (no ring)
MPRegen 0.07/turn               (no ring)

@: hasted, very quick
A: no striking features
a: no special abilities


You were on level 5 of the Dungeon.
You visited 1 branch of the dungeon, and saw 1 of its levels.

Inventory:

Hand Weapons
 a - a +0 short sword (weapon)
Armour
 b - a +0 leather armour (worn)
Wands
 g - a wand of digging (3)
Scrolls
 c - a scroll of fog
 d - a scroll of magic mapping
 e - a scroll of fear


   Skills:
 + Level 3.1 Fighting
 - Level 1.7(1.8) Short Blades
 + Level 0.4(1.2) Long Blades
 + Level 0.4 Armour
 + Level 2.0 Dodging
 - Level 4.5 Stealth


You couldn't memorise any spells.
You didn't know any spells.
Your spell library was empty.

Dungeon Overview and Level Annotations

Branches:
Dungeon (5/15)
 Temple: D:4-7

Altars:


Message History

Options error: Full pregeneration is not allowed on this build of crawl. (~/.crawlrc:90) Welcome, flotson the Demonspawn Delver.
Game seed: 7516650237348835793 (custom seed) Press ? for a list of commands and other information.
Found a stone staircase leading down.
An ogre comes into view. It is wielding a +0 giant club.
A shadow imp comes into view.
A wyvern skeleton comes into view.
The wyvern skeleton moves out of view.
Found an escape hatch in the floor.
The shadow imp shouts, "Slither home, thou feckless flap-mouthed urchin!"
You hit the shadow imp.
The shadow imp is heavily wounded.
The shadow imp hits you.
You feel yourself speed up. The shadow imp hits you.
You hit the shadow imp.
The shadow imp is severely wounded.
The shadow imp hits you but does no damage.
You hit the shadow imp.
The shadow imp is almost dead.
You hit the shadow imp.
You kill the shadow imp!
Your Dodging skill increases to level 2!
You hit the wyvern skeleton.
The wyvern skeleton is lightly damaged.
The wyvern skeleton bites you.
You are too injured to fight recklessly!
You are too injured to fight recklessly!
You hit the wyvern skeleton.
The wyvern skeleton is moderately damaged.
The wyvern skeleton bites you.
* * * LOW HITPOINT WARNING * * *
You hit the wyvern skeleton but do no damage.
The wyvern skeleton is moderately damaged.
You hit the wyvern skeleton.
The wyvern skeleton is moderately damaged.
The wyvern skeleton bites you.
You die...

##### ...# #
##.########## ##.
#...........# ....
#####..########.##
##...##.............>...
...............##.##..##
..###@.###.#.##.##..##
#....Z..# #............
......##.# #.#....##..#.
##.... #.. ..#######..#.
..... ##.#.## #..# .....
.# #..# .... ## #...
...> #... ...O


You could see a wyvern skeleton.

Vanquished Creatures
  A shadow imp (D:5)
1 creature vanquished.

Notes
Turn   | Place    | Note
-------+----------+-------------------------------------------
     0 | D:5      | flotson the Demonspawn Delver began the quest for the Orb.
     0 | D:5      | Reached XP level 1. HP: 18/18 MP: 1/1
     5 | D:5      | Noticed an ogre
    32 | D:5      | Slain by a wyvern skeleton

Illustrated notes

Levels and vault maps discovered:
D:5:      layout_loops_ring, minmay_temple_entry_butterflies

Skill      XL: |  1 |
---------------+----+-----
Dodging        | 2 |  2.0
Fighting       | |  3.1
Short Blades   | |  1.7
Long Blades    | |  0.4
Armour         | |  0.4
Stealth        | |  4.5

Action                   || total
-------------------------++-------
Melee: Short sword       ||     8
  Use: Potion            ||     1
Armor: Leather armour    ||     1

Table legend: (Time is in decaauts)
 A = Elapsed time spent in this place.
 B = Non-inter-level travel time spent in this place.
 C = Inter-level travel time spent in this place.
 D = Time resting spent in this place.
 E = Time spent auto-exploring this place.
 F = Levels seen in this place.
 G = Mean time per level.
                   A        B        C        D        E       F      G
               +--------+--------+--------+--------+--------+-----+--------+
         Total |     29 |     29 |      0 |      0 |      5 |   1 |   29.0 |
       Dungeon |     29 |     29 |      0 |      0 |      5 |   1 |   29.0 |
               +--------+--------+--------+--------+--------+-----+--------+

Top non-repeatable levels by time:
     D:5: 29 daAuts
